Description

Opening block – Barracks Refinery Refinery expand 14 – Supply Depot 16 – Barracks 16 – Refinery 17 – Refinery @100% Barracks – Reaper and Orbital Command 20 – Supply Depot @100 gas – Factory (then pull 3 Scvs off gas) @100% Reaper – Reaper @400 mineral – Command Centre (@100% – Orbital Command)

Build block – 1-1-1 Raven @100% Factory – Hellion and Tech Lab on Barracks (put Scvs back to gas) @100 mineral – Supply Depot @100% Hellion – Swap Factory on Tech Lab for Cyclone; build a Reactor with Barracks @150 mineral – Starport @75 mineral – Refinery @100% Reactor – 2x Marines (continuous production*) @100% Cyclone – Lift Factory to build a Tech Lab @100% Starport – Land it on the vacant Tech Lab for a Raven; Supply Depot Build Supply Depot accordingly hereafter @100% Tech Lab – Siege Tank

Transition block – Army heavy later third @100% Raven – Raven @100% Siege Tank – Siege Tank @100% Raven – Swap add-ons between Starport and Barracks; build 2x Vikings and research Stim Continuous production of Vikings, Siege Tanks, and Marines.* @400 mineral – Command Centre

Make a push as you put down the third Command Centre. Proceed to reach the next convergent point by adding 2x Barracks (then another two) and 2x Engineering Bay.

Build Order

Get SALT Encoding   

  6  0:00  SCV  
  13  0:14  SCV  
  14  0:16  Supply Depot  
  14  0:26  SCV  
  15  0:38  SCV  
  15  0:39  Barracks  
  16  0:43  Refinery  
  16  0:50  SCV  
  16  0:52  Refinery  
  17  1:02  SCV  
  18  1:14  SCV  
  19  1:26  Reaper  
  19  1:27  Orbital Command  
  19  1:28  Supply Depot  
  20  1:41  Factory  
  20  1:52  SCV  
  21  1:58  Reaper  
  22  2:04  SCV  
  23  2:14  Command Center  
  23  2:18  SCV  
  24  2:25  Hellion  
  26  2:31  Barracks Tech Lab  
  26  2:34  Supply Depot  
  28  2:53  Cyclone  
  28  2:56  Starport  
  32  3:04  Barracks Reactor  
  32  3:10  Refinery  
  35  3:28  Orbital Command  
  34  3:39  Raven  
  34  3:40  Marine x2  
  39  3:43  Factory Tech Lab  
  41  4:02  Command Center  
  42  4:07  Siege Tank  
  46  4:11  Supply Depot  
  46  4:15  Marine x2  
  49  4:24  Raven  
  53  4:33  Supply Depot  
  53  4:34  Marine x2  
  56  4:40  Siege Tank  
  62  4:56  Marine x2  
  66  5:09  Barracks x2  
  67  5:17  Orbital Command  
  68  5:23  Viking x2  
  73  5:30  Siege Tank, Stimpack  
  77  5:39  Engineering Bay x2  
  77  5:42  Orbital Command  
  79  5:53  Viking x2  
  84  6:04  Refinery  
  86  6:16  Barracks Reactor x2  
  88  6:23  Barracks  
  88  6:26  Terran Infantry Weapons Level 1  
  88  6:27  Terran Infantry Armor Level 1  
  88  6:30  Barracks  
  88  6:32  Refinery x2, Marine  
  92  6:42  Viking x2  
  97  6:53  Siege Tank  
  102  6:59  Marine  
  109  7:10  Combat Shield  
  109  7:12  Barracks Reactor x2  
  110  7:17  Medivac x2  
  116  7:25  Sensor Tower  
  116  7:27  Armory  
  121  7:39  Siege Tank  
  128  7:44  Factory  
  136  8:03  Medivac x2  
  136  8:04  Command Center  
  146  8:23  Terran Infantry Weapons Level 2, Terran Infantry Armor Level 2  
  147  8:27  Terran Vehicle Weapons Level 1  
  152  8:35  Siege Tank  
  152  8:37  Barracks Reactor  
  157  8:48  Barracks x3  
  157  8:49  Siege Tank  
  157  8:54  Viking x2  
  172  9:13  Siege Tank  
  175  9:21  Siege Tank  
  178  9:27  Viking x2  
  192  9:38  Barracks Reactor x3  
  192  9:45  Siege Tank  
  196  9:48  Refinery x2  
  199  9:56  Planetary Fortress  
Spawning Tool Build Advisor. Get it on Overwolf

Go to:

Details

  • Created by: ttsgosadow
  • Published on: Apr 15, 2022
  • Modified on: Apr 15, 2022
  • Patch: 4.11.0
  • Difficulty: Medium
Show
View Real Time Build Order
Export as new Build Order

Comments (0)

There are no comments. Be the first!

Create an account to comment!